 Dungeon Crawl Stone Soup version 0.31.0-10-gcf4a605ca0 (webtiles) character file.

Game seed: 17603622532081190795

126 greynaab the Poker (level 5, -3/36 HPs)
             Began as an Octopode Berserker on Jan 25, 2024.
             Was a Believer of Trog.
             Slain by a gnoll
             ... wielding a +0 spear
              (4 damage)
             ... on level 3 of the Dungeon.
             The game lasted 00:04:47 (1944 turns).

greynaab the Poker (Octopode Berserker)             Turns: 1944, Time: 00:04:47

Health: -3/36      AC:  1    Str: 16    XL:     5   Next: 9%
Magic:  5/5        EV: 14    Int:  9    God:    Trog [**....]
Gold:   166        SH:  0    Dex: 14    Spells: 4/4 levels left

rFire   . . .        a - +0 spear
rCold   . . .        (no shield)
rNeg    . . .        (helmet restricted)
rPois   .            (no amulet)
rElec   .            r - ring of willpower
rCorr   .            (no ring)
SInv    .            (no ring)
Will    +....        (no ring)
Stlth   ++           (no ring)
HPRegen 0.26/turn    (no ring)
MPRegen 0.09/turn    (no ring)
                     (no ring)

%: no passive effects
@: no status effects
A: almost no armour, amphibious, 8 rings, camouflage 1, gelatinous body 1,
(nimble swimmer 1), tentacles
a: Renounce Religion, Berserk, Trog's Hand


You were on level 3 of the Dungeon.
You worshipped Trog.
Trog was pleased with you.
You visited 1 branch of the dungeon, and saw 4 of its levels.

You collected 206 gold pieces.
You spent 40 gold pieces at shops.

Inventory:

Hand Weapons
 a - a +0 spear (weapon)
 b - a +0 arbalest
Missiles
 g - 5 javelins (quivered)
Jewellery
 r - a ring of willpower (left tentacle)
Talismans
 o - a blade talisman
Wands
 p - a wand of paralysis (12)
Scrolls
 c - a scroll of summoning {unknown}
 d - a scroll of torment {unknown}
 f - a scroll of revelation
 k - a scroll of blinking {unknown}
 m - a scroll of teleportation
 q - a scroll of fear {unknown}
Potions
 e - 3 potions of brilliance {unknown}
 h - 5 potions of curing {unknown}
 i - 2 potions of might {unknown}
 j - a potion of magic {unknown}
 l - 2 potions of attraction {unknown}
 n - a potion of berserk rage {unknown}


   Skills:
 - Level 3.0 Fighting
 * Level 4.9 Polearms
 + Level 4.0 Dodging


You had 4 spell levels left.
You didn't know any spells.
Your spell library was empty.

Dungeon Overview and Level Annotations

Branches:
Dungeon (4/15) Zot: 22009
 Temple: D:4-7

Altars:
Cheibriados

Shops:
D:2 :   D:3 *

Annotations:
D:3 1 runed translucent door, Crazy Yiuf


Innate Abilities, Weirdness & Mutations

You cannot wear most types of armour.
You are amphibious.
You can wear up to eight rings at the same time.
Your skin changes colour to match your surroundings (Stealth+).
Your rubbery body absorbs attacks. (AC +1, EV +1)
((You are camouflaged when in or above water. (Stealth+)))
You have tentacles for arms and can constrict up to eight enemies at once.


Message History

There is a stone staircase leading down here.
You climb downwards.
Found a trident, 7 gold pieces and a blue potion.
Found a stone staircase leading down.
There is a stone staircase leading up here.
There are monsters nearby!
The gnoll shouts!
You hear a shout!
You climb upwards.
Level annotation: 1 runed translucent door, Crazy Yiuf
There is a stone staircase leading down here.
There is a stone staircase leading down here.
You climb downwards.
The gnoll shouts!
There is a stone staircase leading up here.
Unknown command.
You shoot a bolt. The bolt closely misses the gnoll.
The gnoll shouts!
You hear a shout!
An endoplasm comes into view.
The gnoll hits you with a +0 spear. The gnoll barely misses you.
The gnoll misses you. The gnoll hits you with a +0 spear.
The gnoll hits you from afar with a +0 halberd!
You climb upwards.
Level annotation: 1 runed translucent door, Crazy Yiuf
There is a stone staircase leading down here.
a - a +0 spear (weapon)
The gnoll hits you with a +0 spear!
* * * LOW HITPOINT WARNING * * *
Unknown command.
You hit the gnoll but do no damage. You grab the gnoll.
You constrict the gnoll. The gnoll hits you with a +0 spear!
* * * LOW HITPOINT WARNING * * *
You completely miss the gnoll.
You squeeze the gnoll, but do no damage.
The gnoll is lightly wounded.
You constrict the gnoll. You hit the gnoll.
The gnoll is severely wounded.
You constrict the gnoll. The gnoll hits you with a +0 spear.
You die...

#### #... ######...
##...##... ############
###.........
#..........###...........
#..............##...##...
#..........######...##...
#.......@..# #...#####
#.......g.># ###†#
#..........# #.#
##########.# #.#### #.##
#....# #..# ####.# ##.#
#.# #.#### #.#
########....# #.#


You could see a gnoll.

Vanquished Creatures
  A hound (D:3)
  3 adders
  A dart slug (D:3)
  A ribbon worm (D:2)
  7 endoplasms
  2 giant cockroaches (D:1)
  2 goblins (D:3)
  12 hobgoblins
  5 jackals
  A quokka (D:1)
  4 ball pythons
  7 bats
  3 frilled lizards
  6 kobolds
  5 rats (D:1)
60 creatures vanquished.

Notes
Turn   | Place    | Note
-------+----------+-------------------------------------------
     0 | D:1      | greynaab the Octopode Berserker began the quest for the
                  | Orb.
     0 | D:1      | Reached XP level 1. HP: 16/16 MP: 1/1
    87 | D:1      | Reached XP level 2. HP: 21/21 MP: 2/2
   773 | D:2      | Reached XP level 3. HP: 26/26 MP: 3/3
   849 | D:2      | Found a snail-covered altar of Cheibriados.
   849 | D:2      | Found Elumap's Book Shoppe.
   849 | D:2      | Noticed a walking divine tome
   854 | D:2      | Noticed a walking divine tome
   895 | D:2      | Reached ** piety under Trog
  1199 | D:2      | Reached XP level 4. HP: 31/31 MP: 4/4
  1503 | D:3      | Found Vatusoos's General Store.
  1512 | D:3      | Reached XP level 5. HP: 36/36 MP: 5/5
  1524 | D:3      | Bought 2 scrolls of identify for 40 gold pieces
  1886 | D:3      | Found a runed translucent door.
  1887 | D:3      | Noticed Crazy Yiuf
  1931 | D:4      | Noticed a phantom
  1944 | D:3      | Slain by a gnoll

Illustrated notes

Levels and vault maps discovered:
D:1:      dpeg_arrival_rooms_b, layout_basic, minmay_tall_x
D:2:      layout_basic, serial_shops, nicolae_shop_mannequins, basic_altar
D:3:      layout_rooms, serial_shops, shop, kennysheep_generic_room_7,
          uniq_crazy_yiuf_cottage
D:4:      minmay_recursive_quarters, layout_basic,
          nicolae_overflow_hallway_of_the_gods, minmay_fractal_squares_5

Skill      XL: |  1  2  3  4 |
---------------+-------------+-----
Polearms       | 4 |  4.9
Dodging        | 4 |  4.0
Fighting       | |  3.0

Action                     |  1- 3 |  4- 6 || total
---------------------------+-------+-------++-------
  Melee: Spear             |    69 |     9 ||    78
         Tentacles         |     8 |     2 ||    10
         Constrict         |     8 |     3 ||    11
         Punch             |     2 |       ||     2
   Fire: Arbalest          |    26 |    39 ||    65
    Use: Scroll            |       |     2 ||     2
   Stab: Sleeping          |     4 |       ||     4
         Distracted        |     1 |       ||     1
 Armour: Skin              |    14 |    10 ||    24
  Dodge: Dodged            |    37 |    12 ||    49
